 Dungeon Crawl Stone Soup version 0.27.1 (webtiles) character file.

Game seed: 16071242688361010968

0 zuma992 the Skirmisher (level 1, -24/19 HPs)
             Began as a Minotaur Abyssal Knight on Sept 2, 2021.
             Was a Follower of Lugonu.
             Annihilated by a shadow (33 damage)
             ... summoned by a vampire mage
             ... on level 1 of the Abyss.
             The game lasted 00:01:14 (85 turns).

zuma992 the Skirmisher (Minotaur Abyssal Knight)      Turns: 85, Time: 00:01:14

Health: -24/19     AC:  3    Str: 16    XL:     1   Next: 0%
Magic:  1/1        EV: 11    Int:  9    God:    Lugonu [*.....]
Gold:   0          SH:  0    Dex:  9    Spells: 0/0 levels left

rFire    . . .     SeeInvis .   a - +1 hand axe
rCold    . . .     Faith    .   (no shield)
rNeg     . . .     Spirit   .   b - +0 leather armour
rPois    .         Reflect  .   (helmet restricted)
rElec    .         Harm     .   (no cloak)
rCorr    .         Rampage  .   (no gloves)
Will     .....                  (no boots)
Stlth    +.........             (no amulet)
HPRegen  0.06/turn              (no ring)
MPRegen  0.07/turn              (no ring)

@: no status effects
A: horns 2, retaliatory headbutt
a: Renounce Religion, Depart the Abyss


You were on level 1 of the Abyss.
You worshipped Lugonu.
Lugonu was aware of your devotion.
You visited 0 branches of the dungeon, and saw 0 of its levels.
You visited the Abyss 1 time.

Inventory:

Hand Weapons
 a - a +1 hand axe (weapon)
Armour
 b - a +0 leather armour (worn)
Scrolls
 c - a scroll of teleportation {unknown}


   Skills:
 + Level 3.6 Fighting
 + Level 2.4 Axes
 + Level 2.4 Armour
 + Level 1.1 Dodging
 + Level 1.7 Invocations


You couldn't memorise any spells.
You didn't know any spells.
Your spell library was empty.

Dungeon Overview and Level Annotations

Branches:
Dungeon (0/15)

Altars:


Innate Abilities, Weirdness & Mutations

You have a pair of horns on your head.
You reflexively headbutt those who attack you in melee.


Message History

A tentacle flies out from the starspawn's body!
A starspawn tentacle comes into view.
A tentacled starspawn is nearby!
Tentacles burst from the starspawn's body! 2 starspawn tentacles come into view.
Found a scroll labelled ECALIE NONIURA.
Found 16 gold pieces.
A tentacled starspawn is nearby!
Tentacles burst from the starspawn's body! 2 starspawn tentacles come into view.
You see here a scroll labelled ECALIE NONIURA.
c - a scroll labelled ECALIE NONIURA The starspawn tentacle grabs you.
The starspawn tentacle constricts you. The tentacle pulls you backwards!
A wraith comes into view.
The starspawn tentacle loses its grip on you.
The tentacle pulls you backwards!
The wraith moves out of view.
The starspawn tentacle grabs you. The starspawn tentacle constricts you.
You escape the starspawn tentacle's grasp.
The starspawn tentacle grabs you. The starspawn tentacle constricts you.
A starspawn tentacle segment comes into view.
You escape the starspawn tentacle's grasp.
A vampire mage comes into view.
A tentacle flies out from the starspawn's body!
A starspawn tentacle comes into view.
A tentacle flies out from the starspawn's body!
A starspawn tentacle comes into view.
The vampire mage gestures wildly while chanting.
The starspawn tentacle grabs you. The starspawn tentacle constricts you.
You escape the starspawn tentacle's grasp.
A tentacle flies out from the starspawn's body!
A starspawn tentacle comes into view.
The vampire mage gestures wildly while chanting.
The shadow slips into darkness.
The shadow flickers and vanishes!
Deactivating autopickup; reactivate with Ctrl-A.
There is a strange disturbance nearby!
The shadow strikes at you from the darkness!
Ouch! That really hurt!
You die...

#...#VZ# # ###.###
.. ####.####X.. ..
...#....#...#..###
##..#....##V#Z.##
......##.......#
.##....#...#....#
#.....#....#.###.#
#....@..#...# .
####.#.#..#.# ..
#.###.#.#.# ##
.##.#.. ## .# . #


You could see a tentacled starspawn, a vampire mage and a black mamba zombie
(summoned).

Vanquished Creatures (others)
  10 starspawn tentacles (Abyss:1)
10 creatures vanquished.

Notes
Turn   | Place    | Note
-------+----------+-------------------------------------------
     0 | Abyss:1  | zuma992 the Minotaur Abyssal Knight began the quest for the
                  | Orb.
     0 | Abyss:1  | Reached XP level 1. HP: 19/19 MP: 1/1
    42 | Abyss:1  | Noticed a tentacled starspawn
    63 | Abyss:1  | Noticed a wraith
    66 | Abyss:1  | Noticed a vampire mage
    75 | Abyss:1  | Noticed a shadow
    75 | Abyss:1  | Noticed a shadow
    81 | Abyss:1  | Noticed a black mamba zombie
    85 | Abyss:1  | Annihilated by a shadow

Illustrated notes

Levels and vault maps discovered:
Abyss:1:  base: Temple, base: Temple, hangedman_abyss_or_decor_stagger,
          minivault_28
